 Dungeon Crawl Stone Soup version 0.21-a0-538-gd16b88a (webtiles) character file.

178 Lasiace the Skirmisher (level 5, -5/57 HPs)
             Began as an Ogre Arcane Marksman on Dec 16, 2017.
             Was a Believer of Jiyva.
             Slain by Lasiace's ghost (9 damage)
             ... on level 4 of the Dungeon.
             The game lasted 00:18:43 (4435 turns).

Lasiace the Skirmisher (Ogre Arcane Marksman)       Turns: 4435, Time: 00:18:44

Health: -5/57      AC:  5    Str: 12    XL:     5   Next: 58%
Magic:  2/6        EV: 10    Int: 15    God:    Jiyva [**....]
Gold:   123        SH:  0    Dex: 11    Spells: 3/6 levels left

rFire    . . .     SeeInvis .   v - +0 whip
rCold    . . .     Gourm    .   (no shield)
rNeg     . . .     Faith    .   d - +0 robe
rPois    .         Spirit   .   (helmet restricted)
rElec    .         Reflect  .   (no cloak)
rCorr    .         Harm     .   (gloves unavailable)
MR       .....                  (boots unavailable)
Stlth    +.........             (no amulet)
HPRegen  0.19/turn              I - +2 ring of protection
MPRegen  0.10/turn              (no ring)

@: no status effects
A: large, unfitting armour, tough skin 1
a: Request Jelly, Renounce Religion


You were on level 4 of the Dungeon.
You worshipped Jiyva.
Jiyva was pleased with you.
You were not hungry.

You visited 1 branch of the dungeon, and saw 4 of its levels.

You collected 123 gold pieces.

Inventory:

Hand Weapons
 a - a +0 giant club
 v - a +0 whip (weapon)
Missiles
 e - 2 throwing nets {=f !f @Q7 @f7}
 g - 56 stones (quivered) {@Q0 @f0}
 h - 19 sling bullets {@Q3 @f3}
Armour
 d - a +0 robe (worn)
 D - a +0 shield
Jewellery
 I - a +2 ring of protection (left hand)
Scrolls
 b - 2 scrolls of identify {@r4}
 i - a scroll of immolation {unknown}
 j - a scroll of remove curse {unknown}
 l - a scroll of random uselessness {unknown}
 n - 3 scrolls of teleportation {unknown}
 q - a scroll of amnesia {unknown}
Potions
 k - a potion of heal wounds {@q1}
 m - a potion of flight {unknown}
 o - a potion of might
 p - a potion of mutation {!q}
 s - 2 potions of curing {unknown}
 t - a potion of invisibility {unknown}
Books
 B - a book of Debilitation

   Spells                             Type                      Level
   a - Corona                         Hexes                        1
   b - Slow                           Hexes                        2
   c - Inner Flame                    Hexes/Fire                   3
   d - Portal Projectile              Hexes/Translocation          3
   e - Cause Fear                     Hexes                        4
   f - Leda's Liquefaction            Hexes/Earth                  4
Comestibles
 f - 4 bread rations
 r - 8 chunks of flesh
 u - a meat ration


   Skills:
 - Level 5.0 Fighting
 + Level 0.3 Maces & Flails
 - Level 4.1 Throwing
 - Level 1.7 Dodging
 - Level 1.2 Spellcasting
 - Level 2.6 Hexes


You had 3 spell levels left.
You knew the following spells:

 Your Spells              Type           Power        Failure   Level  Hunger
a - Corona                Hex            #......      8%          1    ##.....
b - Slow                  Hex            #.......     12%         2    ###....


Dungeon Overview and Level Annotations

Branches:
Dungeon (4/15)
 Temple: D:4-7

Altars:
Ru
The Shining One
Jiyva

Annotations:
D:4 Lasiace's ghost, novice OgAM


Innate Abilities, Weirdness & Mutations

You are too large for most types of armour.
You have tough skin. (AC +1)


Message History

Lasiace's ghost is severely damaged.
Lasiace's ghost closely misses you.
You barely miss Lasiace's ghost.
Lasiace's ghost is severely damaged.
Lasiace's ghost hits you.
* * * LOW HITPOINT WARNING * * *
You closely miss Lasiace's ghost.
Lasiace's ghost is severely damaged.
Lasiace's ghost wails, "You must not fail where I succeeded!"
Lasiace's ghost closely misses you.
You closely miss Lasiace's ghost.
Lasiace's ghost is severely damaged.
Lasiace's ghost barely misses you.
You completely miss Lasiace's ghost.
Lasiace's ghost is severely damaged.
Lasiace's ghost hits you but does no damage.
You closely miss Lasiace's ghost.
Lasiace's ghost is severely damaged.
Lasiace's ghost hits you!
You die...

#.# #......... #..
#.....h<.. #.#
#.#..w.s$# #.#
#......# #.###
#..h......
########.#.#
###......#
#..........# .##
#......#
#.###.##.#.###.....
.....###
#..รท.....#.@W....#
##..##
#..##.##########.#
#..##.# #..##.#
#..##.# #..##.#
#..##.# #..# .#
#..#


You could see Lasiace's ghost.

Vanquished Creatures
  An ogre (D:4)
  2 adders (D:2)
  An ooze (D:1)
  A worm (D:2)
  2 dart slugs (D:1)
  2 leopard geckos
  3 orcs (D:3)
  4 giant cockroaches
  4 goblins (D:1)
  7 hobgoblins
  4 jackals
  9 kobolds
  A quokka (D:2)
  2 ball pythons (D:2)
  4 bats (D:1)
  6 frilled lizards
  9 rats
62 creatures vanquished.

Vanquished Creatures (others)
  A scorpion (D:4)
  A howler monkey (D:4)
  3 jellies (D:4)
  An orc priest (D:3)
  A worker ant (D:4)
  An adder (D:3)
  2 worms (D:3)
  3 orcs (D:3)
  A hobgoblin (D:3)
  A jackal (D:4)
  A frilled lizard (D:3)
  A goblin (D:3)
  A rat (D:3)
18 creatures vanquished.

Grand Total: 80 creatures vanquished

Notes
Turn   | Place    | Note
-------+----------+-------------------------------------------
     0 | D:1      | Lasiace the Ogre Arcane Marksman began the quest for the Orb.
     0 | D:1      | Reached XP level 1. HP: 19/19 MP: 2/2
   110 | D:1      | Reached XP level 2. HP: 22/27 MP: 1/3
   335 | D:1      | Reached XP level 3. HP: 33/33 MP: 2/4
   353 | D:1      | Learned a level 2 spell: Slow
  1277 | D:2      | Found a glowing golden altar of the Shining One.
  1401 | D:2      | Reached XP level 4. HP: 4/41 MP: 3/5
  1728 | D:2      | Reached skill level 2 in Fighting
  1894 | D:2      | Found a faded altar of an unknown god.
  1953 | D:2      | Became a worshipper of Jiyva Jaid the Shapeless
  1953 | D:2      | Reached * piety under Jiyva
  3236 | D:3      | Reached ** piety under Jiyva
  3254 | D:3      | Found a sacrificial altar of Ru.
  3330 | D:3      | Reached skill level 3 in Fighting
  4258 | D:4      | Noticed Lasiace's ghost (novice OgAM)
  4294 | D:4      | Noticed an ogre
  4300 | D:4      | Killed an ogre
  4300 | D:4      | Reached skill level 5 in Fighting
  4300 | D:4      | Reached XP level 5. HP: 25/57 MP: 6/6
  4435 | D:4      | Slain by Lasiace's ghost

Vault maps used:
D:1:      scummos_arrival_forest, minmay_tromino_v7
D:2:      wad_pebble_path, tso_oasis_becter,
          chequers_ecumenical_altar_simple_redux
D:3:      lemuel_coloured_pillars_altar, serial_co_window_serial,
          co_window_paths_a, co_window_paths_a, co_window_paths_a,
          co_window_paths_a, co_window_paths_a, co_window_cross_1,
          co_window_paths_a, co_window_unsneaky_path_c, co_window_corner_ca,
          co_window_corner_ca, co_window_paths_c, co_window_sun,
          glass_columns_a, glass_columns_b, glass_columns_a, minmay_statues_item
D:4:      yredelemnul_forgotten_temple_becter, led_sif_book,
          grunt_temple_overflow_open, first_bread, uniq_robin, uniq_duvessa

Skill      XL: |  1  2  3  4 |
---------------+-------------+-----
Throwing       | 3 4 |  4.1
Fighting       | 5 |  5.0
Maces & Flails | |  0.3
Dodging        | |  1.7
Spellcasting   | |  1.2
Hexes          | |  2.6

Action                   |  1- 3 |  4- 6 || total
-------------------------+-------+-------++-------
Melee: Short sword       |    23 |       ||    23
       Whip              |    47 |   123 ||   170
       Club              |     2 |       ||     2
Throw: Large rock        |    16 |     8 ||    24
       Stone             |    14 |    30 ||    44
 Cast: Corona            |    36 |    23 ||    59
Invok: Request Jelly     |       |     2 ||     2
  Use: Scroll            |     3 |       ||     3
 Stab: Sleeping          |     1 |     1 ||     2
  Eat: Chunk             |     3 |     3 ||     6
       Meat ration       |       |     1 ||     1
Armor: Robe              |    32 |    54 ||    86
Dodge: Dodged            |    48 |    66 ||   114

Table legend:
 A = Spawn XP
 B = Non-spawn XP
 C = Spawn XP percentage of total XP
 D = Spawn monster count
 E = Non-spawn monster count
 F = Spawn count percentage of total count
 G = Total turns spent on level
                    A         B        C        D         E        F      G
               +---------+---------+-------+---------+---------+-------+---------
         Total |       0 |     255 |   0.0 |       0 |      62 |   0.0 |  4435
               +---------+---------+-------+---------+---------+-------+---------
           D:1 |       0 |      52 |   0.0 |       0 |      25 |   0.0 |  1569
           D:2 |       0 |      62 |   0.0 |       0 |      24 |   0.0 |  1375
           D:3 |       0 |      14 |   0.0 |       0 |       7 |   0.0 |  1346
           D:4 |       0 |     127 |   0.0 |       0 |       6 |   0.0 |   145
               +---------+---------+-------+---------+---------+-------+---------
